 Dungeon Crawl Stone Soup version 0.23.1-37-gaa34b87 (webtiles) character file.

Game seed: 14565124569396068756

60 Oxytripsticks the Chopper (level 3, -4/46 HPs)
             Began as a Minotaur Berserker on Mar 21, 2019.
             Was a Believer of Trog.
             Slain by Sigmund
             ... wielding a +0 scythe
              (8 damage)
             ... on level 2 of the Dungeon.
             The game lasted 00:06:15 (1405 turns).

Oxytripsticks the Chopper (Minotaur Berserker)      Turns: 1405, Time: 00:06:16

Health: -4/46      AC:  8    Str: 27    XL:     3   Next: 80%
Magic:  2/2        EV:  9    Int:  4    God:    Trog [**....]
Gold:   39         SH:  0    Dex:  9    Spells: 2/2 levels left

rFire    . . .     SeeInvis .   a - +0 hand axe
rCold    . . .     Gourm    .   (no shield)
rNeg     . . .     Faith    .   m - +0 chain mail
rPois    .         Spirit   .   (helmet restricted)
rElec    .         Reflect  .   (no cloak)
rCorr    .         Harm     .   (no gloves)
MR       .....                  (no boots)
Stlth    ..........             (no amulet)
HPRegen  0.15/turn              (no ring)
MPRegen  0.08/turn              (no ring)

@: berserking, very quick
A: retaliatory headbutt, horns 2
a: Berserk, Trog's Hand, Renounce Religion


You were on level 2 of the Dungeon.
You worshipped Trog.
Trog was pleased with you.
You were very hungry.

You visited 1 branch of the dungeon, and saw 2 of its levels.

You collected 39 gold pieces.

Inventory:

Hand Weapons
 a - a +0 hand axe (weapon)
Armour
 b - a +0 animal skin
 m - a +0 chain mail (worn)
Scrolls
 d - 2 scrolls of remove curse {unknown}
 h - a scroll of enchant weapon {unknown}
 i - a scroll of teleportation {unknown}
 k - a scroll of amnesia {unknown}
Potions
 e - a potion of berserk rage {unknown}
 f - a potion of flight {unknown}
 g - a potion of haste
 j - a potion of lignification {unknown}
 n - 2 potions of brilliance {unknown}
Comestibles
 c - 2 rations
 l - a chunk of flesh


   Skills:
 - Level 3.6 Fighting
 + Level 5.8 Axes
 - Level 2.4 Armour
 - Level 2.1 Dodging


You had 2 spell levels left.
You didn't know any spells.
Your spell library was empty.

Dungeon Overview and Level Annotations

Branches:
Dungeon (2/15)

Altars:

Annotations:
D:2 Robin, Sigmund


Innate Abilities, Weirdness & Mutations

You reflexively headbutt those who attack you in melee.
You have a pair of horns on your head.


Message History

A puff of flame appears from out of thin air!
The puff of flame hits you.
* * * LOW HITPOINT WARNING * * *
A red film seems to cover your vision as you go berserk!
You feel yourself moving faster!
You feel mighty!
You are feeling very hungry.
The goblin barely misses you.
You hear some strange, mumbled words.
A puff of flame appears from out of thin air!
The puff of flame hits you.
* * * LOW HITPOINT WARNING * * *
The goblin hits you but does no damage. Robin hits you but does no damage.
Some of the chunks of flesh in your inventory have rotted away.
You barely miss Robin.
Robin is moderately wounded.
You completely miss the goblin. You hit the goblin.
You kill the goblin!
Trog accepts your kill.
You closely miss something. Something hits you!
You die...

#.......#
#..##.#### .#
#........# .#
#...#.##.# .#
#.....##.# .#
##..####.# .#
#..# #.# .#
....#
#.######g##.#
....##
#....<)@g...#
#####
########{##....
... # ####


You could see Robin and a goblin.

Vanquished Creatures
  2 dart slugs (D:2)
  3 leopard geckos
  2 giant cockroaches
  9 goblins
  10 hobgoblins
  3 jackals (D:1)
  A quokka (D:2)
  A bat (D:1)
  5 frilled lizards
  11 kobolds
  2 rats (D:1)
49 creatures vanquished.

Notes
Turn   | Place    | Note
-------+----------+-------------------------------------------
     0 | D:1      | Oxytripsticks the Minotaur Berserker began the quest for
                  | the Orb.
     0 | D:1      | Reached XP level 1. HP: 19/19 MP: 0/0
    36 | D:1      | Reached skill level 4 in Axes
   246 | D:1      | Reached XP level 2. HP: 11/26 MP: 1/1
   889 | D:1      | Reached skill level 5 in Axes
   939 | D:1      | Reached XP level 3. HP: 20/31 MP: 2/2
  1192 | D:2      | Reached ** piety under Trog
  1390 | D:2      | Noticed Sigmund
  1390 | D:2      | Noticed Robin
  1405 | D:2      | Slain by Sigmund

Skill      XL: |  1  2 |
---------------+-------+-----
Axes           | 4 5 |  5.8
Fighting       | |  3.6
Armour         | |  2.4
Dodging        | |  2.1

Action                   || total
-------------------------++-------
Melee: Hand axe          ||    92
       Headbutt          ||     8
Invok: Berserk           ||     3
       Trog's Hand       ||     1
  Eat: Chunk             ||     3
Armor: Animal skin       ||    14
       Chain mail        ||    19
Dodge: Dodged            ||    62
